 Dungeon Crawl Stone Soup version 0.29.1-12-g30fa7ad0bf (webtiles) character file.

Game seed: 11222873591603657997

1094 Melonyan the Shield-Bearer (level 8, -1/72 (79) HPs)
             Began as a Troll Fighter on Dec 30, 2022.
             Slain by a wight
             ... wielding a +1 mace
              (4 damage)
             ... on level 6 of the Dungeon.
             The game lasted 00:24:45 (4829 turns).

Melonyan the Shield-Bearer (Troll Fighter)          Turns: 4829, Time: 00:24:46

HP:   -1/72 (79)    AC: 11    Str: 27    XL:     8   Next: 9%
MP:   7/7           EV: 10    Int:  4    God:
Gold: 287           SH:  0    Dex:  9    Spells: 7/7 levels left

rFire   . . .      SeeInvis .   y - +4 flail (protect)
rCold   . . .      Faith    .   p - orb {*Rage}
rNeg    . . .      Spirit   .   a - +0 robe
rPois   .          Reflect  .   (helmet restricted)
rElec   .          Harm     .   (no cloak)
rCorr   .          Rampage  .   (gloves unavailable)
Will    .....      Rage     20% (boots unavailable)
Stlth   +.........              (no amulet)
HPRegen 1.02/turn               (no ring)
MPRegen 0.10/turn               (no ring)

@: under a protective aura, on berserk cooldown, slowed, drained, very slow
A: large, unfitting armour, claws 3, regeneration 1, shaggy fur 1, tough skin 1
a: no special abilities


You were on level 6 of the Dungeon.
You visited 1 branch of the dungeon, and saw 6 of its levels.

You collected 287 gold pieces.

Inventory:

Hand Weapons
 w - a +0 hand axe
 y - a +4 flail of protection (weapon)
Missiles
 l - 38 stones
 o - a throwing net
Armour
 a - a +0 robe (worn)
 b - a +0 kite shield
 m - a +0 leather armour
 p - an orb of wrath (worn)
 x - a +0 robe
 z - a +1 plate armour of fire resistance
 A - a +2 pair of boots
Jewellery
 E - a ring of protection from cold
Wands
 v - a wand of flame (8) (quivered)
 C - a wand of mindburst (12)
 D - a wand of polymorph (14)
Scrolls
 e - a scroll of noise {unknown}
 f - a scroll of fear
 g - 2 scrolls of vulnerability
 n - 2 scrolls of blinking
 s - 2 scrolls of identify
 t - 2 scrolls of enchant armour
 u - a scroll of torment {unknown}
 B - 2 scrolls of poison {unknown}
 F - a scroll of immolation {unknown}
Potions
 c - a potion of might
 d - 6 potions of curing {unknown}
 h - a potion of lignification {unknown}
 i - a potion of cancellation {unknown}
 j - 2 potions of heal wounds {unknown}
 k - 2 potions of invisibility {unknown}
 q - a potion of mutation {unknown}
 r - a potion of resistance {unknown}


   Skills:
 + Level 4.6 Fighting
 + Level 4.6 Dodging
 + Level 5.1 Shields
 + Level 5.0 Unarmed Combat


You had 7 spell levels left.
You didn't know any spells.
Your spell library contained the following spells:

 Spells                   Type           Power      Damage    Failure   Level
 Static Discharge         Conj/Air       0%         3-3/arc   65%         2
 Anguish                  Hex/Necr       0%         N/A       99%         4
 Dispel Undead            Necr           0%         3d6       99%         4
 Sticky Flame             Conj/Fire      0%         2d3       99%         4
 Lightning Bolt           Conj/Air       0%         1d11      100%        5
 Enfeeble                 Hex            0%         N/A       100%        7
 Maxwell's Capacitive Co  Air            0%         ∞         100%        8


Dungeon Overview and Level Annotations

Branches:
Dungeon (6/15)
 Temple: D:4-7

Altars:

Annotations:
D:6 2 runed translucent doors


Innate Abilities, Weirdness & Mutations

You are too large for most types of armour.
You have claws for hands.
Your natural rate of healing is unusually fast.
You are covered in fur. (AC +1)
You have tough skin. (AC +1)


Message History

Your Shields skill increases to level 5!
You sock the wight!
You destroy the wight!
You are no longer berserk.
You are exhausted.
You feel yourself slow down. The wight hits you but does no damage.
The wight barely misses you.
Your Unarmed Combat skill increases to level 5!
You have reached level 8!
You hit the wight.
The wight is moderately damaged.
The wight hits you with a +1 mace. The wight barely misses you. x2
The wight hits you with a +1 mace of pain.
* * * LOW HITPOINT WARNING * * *
You writhe in agony.
* * * LOW HITPOINT WARNING * * *
You sock the wight!
You destroy the wight!
The wight hits you with a +1 mace.
* * * LOW HITPOINT WARNING * * *
You feel drained.
* * * LOW HITPOINT WARNING * * *
The wight barely misses you. The wight closely misses you.
You hit the wight.
The wight is moderately damaged.
The wight hits you with a +1 mace.
* * * LOW HITPOINT WARNING * * *
The wight closely misses you.
You barely miss the wight.
The wight is moderately damaged.
You hear the hiss of a distant avalanche of sand.
The wight hits you with a +1 mace!
* * * LOW HITPOINT WARNING * * *
You feel drained. The wight hits you with a +1 mace.
* * * LOW HITPOINT WARNING * * *
You feel drained.
You hit the wight but do no damage.
The wight is moderately damaged.
The wight hits you with a +1 mace.
You die...

#..######.
..~.#.#......... #.
#.~#~8.?#.......## # #.
.....~.##....##...
#.##.####++####....#####
...........#.....# ..
.........#.....#####
....##z#...###.....#....
......)@)####......#.#.#
....###.)...............
. ##.....#.......#.#
#..####.^........ #....#
#..##.#.#.# #.##.....##
.#.... #. ###### #.....#
.. ####### .##


You could see a wight.

Vanquished Creatures
  2 water moccasins (D:5)
  A necrophage (D:5)
  2 scorpions (D:5)
  4 wights (D:6)
  A hound (D:6)
  4 jellies
  An orc priest (D:4)
  An orc wizard (D:4)
  3 iguanas
  12 adders
  A white imp (D:5)
  3 ufetubi
  A worm (D:3)
  3 dart slugs (D:3)
  3 orcs
  5 ball pythons
  8 bats
  6 endoplasms
  3 giant cockroaches
  3 goblins (D:2)
  2 hobgoblins
  4 jackals (D:1)
  4 quokkas
  A frilled lizard (D:3)
  4 kobolds
  A rat (D:3)
83 creatures vanquished.

Vanquished Creatures (others)
  An iguana (D:5)
1 creature vanquished.

Grand Total: 84 creatures vanquished

Notes
Turn   | Place    | Note
-------+----------+-------------------------------------------
     0 | D:1      | Melonyan the Troll Fighter began the quest for the Orb.
     0 | D:1      | Reached XP level 1. HP: 22/22 MP: 0/0
   249 | D:1      | Reached XP level 2. HP: 29/29 MP: 1/1
   699 | D:2      | Reached XP level 3. HP: 36/36 MP: 2/2
  1243 | D:2      | Reached XP level 4. HP: 44/44 MP: 3/3
  3185 | D:4      | Reached XP level 5. HP: 53/53 MP: 4/4
  3745 | D:5      | Entered Level 5 of the Dungeon
  3857 | D:5      | Noticed a water moccasin
  3874 | D:5      | Killed a water moccasin
  3875 | D:5      | Reached XP level 6. HP: 30/62 MP: 5/5
  4003 | D:5      | Noticed a water moccasin
  4010 | D:5      | Killed a water moccasin
  4235 | D:5      | Reached XP level 7. HP: 70/70 MP: 6/6
  4805 | D:6      | Found a large runed translucent door.
  4805 | D:6      | Found a large runed translucent door.
  4824 | D:6      | Reached skill level 5 in Shields
  4825 | D:6      | Reached skill level 5 in Unarmed Combat
  4825 | D:6      | Reached XP level 8. HP: 30/77 MP: 7/7
  4828 | D:6      | HP: 1/74 [wight/+1 mace (4)]
  4829 | D:6      | Slain by a wight

Illustrated notes

Levels and vault maps discovered:
D:1:      onia_arrival_pyramid, layout_loops_ring,
          shapermc_ecumenical_altar_starsandcircs
D:2:      layout_basic
D:3:      layout_loops_corners
D:4:      layout_loops_corners
D:5:      layout_basic
D:6:      layout_rooms, ebering_ghost_disaster_area, serial_glass,
          glass_columns_a, glass_columns_a, glass_columns_b, enter_ossuary_3

Skill      XL: |  1  2  3  4  5  6  7 |
---------------+----------------------+-----
Shields        | 3 4 5 |  5.1
Fighting       | 3 4 |  4.6
Dodging        | 3 4 |  4.6
Unarmed Combat | 3 4 5 |  5.0

Action                   |  1- 3 |  4- 6 |  7- 9 || total
-------------------------+-------+-------+-------++-------
Melee: Unarmed           |   111 |    69 |       ||   180
       Flail             |       |    71 |    46 ||   117
  Use: Scroll            |       |     7 |       ||     7
 Stab: Sleeping          |       |     1 |       ||     1
Armor: Robe              |    53 |    45 |    42 ||   140
Dodge: Dodged            |    64 |   106 |    59 ||   229
Block: Kite shield       |    41 |       |       ||    41
